 Dungeon Crawl Stone Soup version 0.30-a0-802-gb92711bcdf (webtiles) character file.

Game seed: 15340935450095730981

115 sircluck the Covert (level 5, -4/47 HPs)
             Began as a Gnoll Delver on Feb 24, 2023.
             Slain by a scorpion (6 damage)
             ... on level 4 of the Dungeon.
             The game lasted 00:04:08 (460 turns).

sircluck the Covert (Gnoll Delver)                   Turns: 460, Time: 00:04:08

Health: -4/47      AC:  3    Str: 11    XL:     5   Next: 0%
Magic:  7/7        EV: 13    Int: 10    God:
Gold:   73         SH:  0    Dex: 15    Spells: 6/6 levels left

rFire   . . .      SeeInvis .    l - +0 broad axe
rCold   . . .      Faith    .    (no shield)
rNeg    . . .      Spirit   .    b - +0 leather armour
rPois   .          Reflect  .    (no helmet)
rElec   .          Harm     .    (no cloak)
rCorr   .          Rampage  .    (no gloves)
Will    .....                    (no boots)
Stlth   ++++                     (no amulet)
HPRegen 0.27/turn                (no ring)
MPRegen 0.10/turn                (no ring)

@: lethally poisoned (-4 -> -18), attractive, hasted, very quick
A: fangs 1, strong nose, distributed training
a: no special abilities


You were on level 4 of the Dungeon.
You visited 1 branch of the dungeon, and saw 3 of its levels.

You collected 73 gold pieces.

Inventory:

Hand Weapons
 a - a +0 spear
 l - a +0 broad axe (weapon)
Missiles
 e - 4 stones (quivered)
Armour
 b - a +0 leather armour (worn)
Wands
 g - a wand of digging (3)
 h - a wand of flame (17)
Scrolls
 c - a scroll of fog
 d - a scroll of magic mapping
 i - 2 scrolls of identify {unknown}
 j - a scroll of silence {unknown}
 k - a scroll of immolation {unknown}


   Skills:
 + Level 6.6 Fighting
 + Level 1.3 Short Blades
 + Level 1.3 Long Blades
 + Level 1.3 Axes
 + Level 1.3 Maces & Flails
 + Level 4.7 Polearms
 + Level 1.3 Staves
 + Level 1.3 Ranged Weapons
 + Level 1.3 Throwing
 + Level 1.3 Armour
 + Level 4.7 Dodging
 + Level 9.6 Stealth
 + Level 1.3 Shields
 + Level 1.3 Unarmed Combat
 + Level 1.3 Spellcasting
 + Level 1.1 Conjurations
 + Level 1.1 Hexes
 + Level 1.1 Summonings
 + Level 1.1 Necromancy
 + Level 1.1 Translocations
 + Level 1.1 Transmutations
 + Level 1.1 Fire Magic
 + Level 1.1 Ice Magic
 + Level 1.1 Air Magic
 + Level 1.1 Earth Magic
 + Level 1.1 Poison Magic
 + Level 1.5 Invocations
 + Level 1.3 Evocations


You had 6 spell levels left.
You didn't know any spells.
Your spell library was empty.

Dungeon Overview and Level Annotations

Branches:
Dungeon (6/15)
 Temple: D:4-7

Altars:
Cheibriados
Dithmenos
Fedhas
Okawaru
Sif Muna
Uskayaw
The Shining One

Annotations:
D:5 Dowan, Duvessa


Innate Abilities, Weirdness & Mutations

You have very sharp teeth.
Your uncanny sense of smell can sniff out nearby items.
Your experience applies equally to all skills.


Message History

The scorpion is heavily wounded.
You miss the iguana.
* * * LOW HITPOINT WARNING * * *
You feel sick. The iguana barely misses you. The scorpion stings you.
* * * LOW HITPOINT WARNING * * *
You are more poisoned.
The scorpion poisons you!
You bump into the rock wall.
* * * LOW HITPOINT WARNING * * *
You feel very sick. The iguana barely misses you.
The scorpion closely misses you.
You bump into the rock wall.
* * * LOW HITPOINT WARNING * * *
You feel very sick. The iguana misses you.
You closely miss the scorpion.
The scorpion is heavily wounded.
You slash the iguana!
* * * LOW HITPOINT WARNING * * *
You feel very sick. The scorpion misses you. The iguana completely misses you.
The scorpion stings you.
* * * LOW HITPOINT WARNING * * *
You are more poisoned.
The scorpion poisons you!
You bump into the rock wall.
* * * LOW HITPOINT WARNING * * *
You feel very sick. The iguana barely misses you.
You bump into the rock wall.
* * * LOW HITPOINT WARNING * * *
You feel very sick. The scorpion stings you.
* * * LOW HITPOINT WARNING * * *
You bump into the rock wall.
You feel less invigorated.
You feel less confused.
* * * LOW HITPOINT WARNING * * *
You feel very sick. The scorpion stings you.
You die...

..........l...>.......
.#....#.#.###.###.##..
.#.####.#.....#
..(.....#####.#
##......# ... #.#.##.#
##.# ..... #.# ....#
#.# #l#..#..# #.
#@sK....# # ###..#...
..... ...#. #.... ....
∆ ...


You could see a scorpion, an iguana and a kobold.

Vanquished Creatures
  A black bear (D:5)
  An orc priest (D:5)
2 creatures vanquished.

Notes
Turn   | Place    | Note
-------+----------+-------------------------------------------
     0 | D:5      | Reached skill level 9 in Stealth
     0 | D:5      | sircluck the Gnoll Delver began the quest for the Orb.
     0 | D:5      | Reached XP level 1. HP: 23/23 MP: 1/1
     2 | D:5      | Found a glowing golden altar of the Shining One.
     8 | D:5      | Noticed a scorpion
    23 | D:5      | Noticed an iguana
    40 | D:5      | Noticed Duvessa
    46 | D:5      | Noticed Dowan
   113 | D:6      | Found a hide-covered altar of Uskayaw.
   137 | D:6      | Noticed an iguana
   171 | D:6      | Found a snail-covered altar of Cheibriados.
   176 | D:6      | Found a blossoming altar of Fedhas.
   182 | D:6      | Found a shimmering blue altar of Sif Muna.
   184 | D:6      | Found a shadowy altar of Dithmenos.
   192 | D:6      | Found an iron altar of Okawaru.
   208 | D:6      | Noticed an iguana
   306 | D:5      | Noticed a black bear
   322 | D:5      | Noticed a black bear
   341 | D:5      | Killed a black bear
   342 | D:5      | Reached skill level 1 in Short Blades
   342 | D:5      | Reached skill level 1 in Long Blades
   342 | D:5      | Reached skill level 1 in Axes
   342 | D:5      | Reached skill level 1 in Maces & Flails
   342 | D:5      | Reached skill level 1 in Staves
   342 | D:5      | Reached skill level 1 in Ranged Weapons
   342 | D:5      | Reached skill level 1 in Throwing
   342 | D:5      | Reached skill level 1 in Armour
   342 | D:5      | Reached skill level 1 in Shields
   342 | D:5      | Reached skill level 1 in Unarmed Combat
   342 | D:5      | Reached skill level 1 in Spellcasting
   342 | D:5      | Reached skill level 1 in Conjurations
   342 | D:5      | Reached skill level 1 in Hexes
   342 | D:5      | Reached skill level 1 in Summonings
   342 | D:5      | Reached skill level 1 in Necromancy
   342 | D:5      | Reached skill level 1 in Translocations
   342 | D:5      | Reached skill level 1 in Transmutations
   342 | D:5      | Reached skill level 1 in Fire Magic
   342 | D:5      | Reached skill level 1 in Ice Magic
   342 | D:5      | Reached skill level 1 in Air Magic
   342 | D:5      | Reached skill level 1 in Earth Magic
   342 | D:5      | Reached skill level 1 in Poison Magic
   342 | D:5      | Reached skill level 1 in Invocations
   342 | D:5      | Reached skill level 1 in Evocations
   342 | D:5      | Reached XP level 2. HP: 21/29 MP: 1/3
   342 | D:5      | Reached XP level 3. HP: 25/35 MP: 1/4
   342 | D:5      | Reached XP level 4. HP: 29/41 MP: 1/5
   415 | D:5      | Reached XP level 5. HP: 11/47 MP: 5/7
   427 | D:4      | HP: 1/47 [iguana (4)]
   443 | D:4      | HP: 1/47 [scorpion (3)]
   449 | D:4      | HP: 2/47 [iguana (1)]
   459 | D:4      | HP: 1/47 [scorpion (2)]
   460 | D:4      | Slain by a scorpion

Illustrated notes

Levels and vault maps discovered:
D:4:      layout_basic, minmay_temple_entry_slanted
D:5:      layout_basic, mainiacjoe_overflow_small_starburst, uniq_duvessa
D:6:      layout_basic, overflow_temple_1_default,
          nicolae_overflow_hallway_of_the_gods, serial_shops,
          nicolae_shop_crystal, uniq_eustachio

Skill      XL: |  1 |
---------------+----+-----
Stealth        | |  9.6
Short Blades   | 1 |  1.3
Long Blades    | 1 |  1.3
Axes           | 1 |  1.3
Maces & Flails | 1 |  1.3
Staves         | 1 |  1.3
Ranged Weapons | 1 |  1.3
Throwing       | 1 |  1.3
Armour         | 1 |  1.3
Shields        | 1 |  1.3
Unarmed Combat | 1 |  1.3
Spellcasting   | 1 |  1.3
Conjurations   | 1 |  1.1
Hexes          | 1 |  1.1
Summonings     | 1 |  1.1
Necromancy     | 1 |  1.1
Translocations | 1 |  1.1
Transmutations | 1 |  1.1
Fire Magic     | 1 |  1.1
Ice Magic      | 1 |  1.1
Air Magic      | 1 |  1.1
Earth Magic    | 1 |  1.1
Poison Magic   | 1 |  1.1
Invocations    | 1 |  1.5
Evocations     | 1 |  1.3
Fighting       | |  6.6
Polearms       | |  4.7
Dodging        | |  4.7

Action                     |  1- 3 |  4- 6 || total
---------------------------+-------+-------++-------
  Melee: Spear             |     5 |       ||     5
         Broad axe         |     3 |    11 ||    14
         Punch             |     1 |       ||     1
         Bite              |       |     2 ||     2
  Evoke: Wand              |       |     3 ||     3
    Use: Scroll            |     1 |       ||     1
         Potion            |       |     4 ||     4
 Armour: Leather armour    |     1 |     4 ||     5
  Dodge: Dodged            |     9 |    23 ||    32

Table legend: (Time is in decaauts)
 A = Elapsed time spent in this place.
 B = Non-inter-level travel time spent in this place.
 C = Inter-level travel time spent in this place.
 D = Time resting spent in this place.
 E = Time spent auto-exploring this place.
 F = Levels seen in this place.
 G = Mean time per level.
                   A        B        C        D        E       F      G
               +--------+--------+--------+--------+--------+-----+--------+
         Total |    454 |    454 |      0 |     38 |     61 |   3 |  151.3 |
       Dungeon |    454 |    454 |      0 |     38 |     61 |   3 |  151.3 |
               +--------+--------+--------+--------+--------+-----+--------+

Top non-repeatable levels by time:
     D:5: 242 daAuts
     D:6: 181 daAuts
     D:4: 31 daAuts
